 Dungeon Crawl Stone Soup version 0.25-a0-356-g7c9d860b3b (webtiles) character file.

Game seed: 2354708541366692425, levelgen mode: deterministic

88 night the Cutter (level 4, -2/24 HPs)
             Began as a Vine Stalker Chaos Knight on Jan 3, 2020.
             Was a Plaything of Xom.
             Slain by a queen bee (shapeshifter) (13 damage)
             ... on level 2 of the Dungeon.
             The game lasted 00:03:56 (1179 turns).

night the Cutter (Vine Stalker Chaos Knight)        Turns: 1179, Time: 00:03:58

Health: -2/24      AC:  5    Str: 14 (16) XL:     4   Next: 53%
Magic:  0/5        EV: 12    Int:  9 (12) God:    Xom [....*.]
Gold:   74         SH:  0    Dex: 12 (13) Spells: 3/3 levels left

rFire    . . .     SeeInvis .   a - +0 short sword (chaos)
rCold    . . .     Gourm    .   (no shield)
rNeg     . . .     Faith    .   b - +2 leather armour
rPois    .         Spirit   +   (no helmet)
rElec    .         Reflect  .   (no cloak)
rCorr    .         Harm     .   (no gloves)
MR       .....                  (no boots)
Stlth    +.........             (no amulet)
HPRegen  0.48/turn              (no ring)
MPRegen  0.09/turn              (no ring)

@: no status effects
A: fangs 2, regeneration 1, magic shield, antimagic bite, no potion heal 3, rot
immunity
a: Renounce Religion


You were on level 2 of the Dungeon.
You worshipped Xom.
You were a beloved toy of Xom.
You were not hungry.

You visited 1 branch of the dungeon, and saw 2 of its levels.

You collected 74 gold pieces.

Inventory:

Hand Weapons
 a - a +0 short sword of chaos (weapon)
Missiles
 k - 18 arrows
 l - 25 sling bullets
Armour
 b - a +2 leather armour (worn)
Scrolls
 d - a scroll of identify {unknown}
 g - a scroll of teleportation {unknown}
 i - a scroll of fear {unknown}
 j - a scroll of remove curse {unknown}
 m - a scroll of enchant weapon {unknown}
Potions
 e - a potion of berserk rage {unknown}
 h - a potion of degeneration
Comestibles
 c - 2 rations
 f - 3 chunks of flesh


   Skills:
 + Level 3.4 Fighting
 + Level 3.4 Short Blades
 - Level 1.5 Armour
 + Level 2.0 Dodging


You had 3 spell levels left.
You didn't know any spells.
Your spell library was empty.

Dungeon Overview and Level Annotations

Branches:
Dungeon (2/15)

Altars:


Innate Abilities, Weirdness & Mutations

You have extremely sharp teeth.
Your natural rate of healing is unusually fast.
When hurt, damage is shared between your health and your magic reserves.
Your bite disrupts and absorbs the magic of your enemies.
Potions cannot restore your health.
You are immune to rotting.


Message History

You hit the queen bee but do no damage.
The queen bee is poisoned.
The queen bee stings you.
You closely miss the queen bee.
The queen bee is lightly wounded.
The queen bee stings you!
Ouch! That really hurt!
Unknown command.
It was a potion of degeneration.
There was something very wrong with that liquid.
You feel weakened.
You feel dopey.
You feel clumsy.
Xom thinks this is hilarious!
The queen bee closely misses you.
The queen bee looks more healthy.
You hit the queen bee. You freeze the queen bee. You bite the queen bee.
You drain its power.
You feel invigorated.
The queen bee is moderately wounded.
The queen bee stings you!
Ouch! That really hurt!
You die...
Xom snickers!

#..........# .. #.#
#....(..)..#
..#####.#
#.....######
........# #.....#
........# #.....#
........# #.....#
........# ####.##
........#########.#
........')(...y@..#
........###########
#########


You could see a queen bee shaped shifter.

Vanquished Creatures
  3 adders (D:2)
  An ooze (D:1)
  A worm (D:2)
  2 dart slugs (D:1)
  8 bats
  13 goblins
  2 hobgoblins (D:1)
  8 jackals
  2 frilled lizards (D:1)
  4 kobolds
  5 rats (D:1)
49 creatures vanquished.

Notes
Turn   | Place    | Note
-------+----------+-------------------------------------------
     0 | D:1      | night the Vine Stalker Chaos Knight began the quest for the
                  | Orb.
     0 | D:1      | Reached XP level 1. HP: 11/11 MP: 2/2
    43 | D:1      | Reached skill level 1 in Dodging
    87 | D:1      | XOM: potion effect (agility)
    89 | D:1      | Reached XP level 2. HP: 14/16 MP: 3/3
   285 | D:1      | Reached XP level 3. HP: 20/20 MP: 4/4
   289 | D:1      | XOM: enchant monster (good)
   362 | D:1      | XOM: divination: magic mapping
   418 | D:1      | XOM: harmless Tmut miscast
   584 | D:1      | XOM: harmless Hex miscast
   994 | D:2      | Gained mutation: Your natural rate of healing is unusually
                  | fast. [Vine Stalker growth]
   994 | D:2      | Reached XP level 4. HP: 20/24 MP: 3/5
   999 | D:2      | XOM: butterfly on damage
  1166 | D:2      | XOM: god gift: 8 javelins
  1169 | D:2      | Noticed a shapeshifter
  1169 | D:2      | a goblin changed into a shapeshifter
  1169 | D:2      | Noticed a queen bee
  1169 | D:2      | a shapeshifter changed into a queen bee
  1179 | D:2      | Slain by a queen bee (shapeshifter)

Levels and vault maps discovered:
D:1:      ncdulo_lavacross, layout_rooms
D:2:      layout_basic

Skill      XL: |  1  2  3  4 |
---------------+-------------+-----
Dodging        | 1 2 |  2.0
Fighting       | 3 |  3.4
Short Blades   | 3 |  3.4
Armour         | |  1.5

Action                   |  1- 3 |  4- 6 || total
-------------------------+-------+-------++-------
Melee: Short sword       |   112 |    33 ||   145
       Bite              |    28 |     9 ||    37
  Use: Potion            |       |     1 ||     1
 Stab: Sleeping          |     1 |       ||     1
       Petrifying        |       |     1 ||     1
  Eat: Chunk             |       |     1 ||     1
Armor: Leather armour    |    47 |     8 ||    55
Dodge: Dodged            |    70 |    16 ||    86

Table legend:
 A = Non-vault XP
 B = Vault XP
 C = Vault XP percentage of total XP
 D = Non-vault monster count
 E = Vault monster count
 F = Vault count percentage of total count
                 A         B        C        D         E       F
            +---------+---------+-------+---------+---------+-------
      Total |     126 |       0 |   0.0 |      49 |       0 |   0.0
            +---------+---------+-------+---------+---------+-------
        D:1 |      63 |       0 |   0.0 |      33 |       0 |   0.0
        D:2 |      63 |       0 |   0.0 |      16 |       0 |   0.0
            +---------+---------+-------+---------+---------+-------
